AoeStats
← eyupfc

Arabia

507006588Analyzed
1v1 RM · 17d ago on Sep 16, 2026· 54m 45s· 2 players
Game mode
Random Map
Map size
Tiny (2 player)
Population
200
Speed
Normal
Resources
Standard
Victory
Conquest
Starting age
Dark Age
Ending age
Imperial Age
RankedLock teamsTeams togetherTeam positionsShared explorationLock speedFull tech treeHidden civsTurbo modeCheats
Victory
Defeat
🇹🇷 Mapuche · Türkiye
1230
+12
🇭🇰 Byzantines · Hong Kong SAR China
1149
-12
MOON
8:06 Loom
10:12 Feudal Age
11:01 Double-Bit Axe
13:02 Fletching
22:00 Padded Archer Armor
24:56 Horse Collar
32:32 Wheelbarrow
34:58 Castle Age
33:13 Gold Mining
33:58 Scale Barding Armor
38:02 Forging
41:53 Iron Casting
42:42 Bodkin Arrow
43:42 Stone Mining
46:16 Guard Tower
54:21 Husbandry
eyupfc
6:25 Loom
9:27 Feudal Age
9:49 Champi Runner
10:26 Double-Bit Axe
17:24 Fletching
21:33 Town Watch
23:34 Scale Mail Armor
25:26 Forging
25:04 Arson
29:23 Castle Age
29:53 Champi Warrior
31:30 Chain Mail Armor
38:39 Murder Holes
42:57 Iron Casting
42:30 Gold Mining
43:16 Bow Saw
44:01 Pikeman
52:29 Imperial Age
50:50 Bodkin Arrow
54:32 Ballistics
Connection lost

Rejoining the realm…

Still unreachable

The connection could not be restored.

Session expired

The server has moved on; the page needs a fresh start.